[Event "Titled Tuesday Blitz September 13 Early 2022"]
[White "Tari, Aryan"]
[Black "Beerdsen, Thomas"]
[WhiteFideId "1510045"]
[BlackFideId "1030108"]
[WhiteElo "2612"]
[BlackElo "2567"]
[Result "0-1"]
[Round "05"]
[TimeControl "180+1"]
[Date "2022.09.13"]
[WhiteClock "0:00:04"]
[BlackClock "0:00:08"]

1. e4 e5 2. Nf3 Nc6 3. Bb5 f5 4. d3 fxe4 5. dxe4 Nf6 6. O-O d6 7. Bc4 Na5 8. Bd3 Nc6 9. Nc3 Be7 10. h3 O-O 11. Nd5 Kh8 12. c4 Bd7 13. a3 a5 14. Be3 Be8 15. Rc1 Bh5 16. g4 Bg6 17. Nd2 a4 18. Qe2 Qd7 19. f3 Rae8 20. Qg2 Bd8 21. Rce1 Na5 22. Nb1 Nxd5 23. cxd5 c6 24. Nc3 Nb3 25. Qg3 Nd4 26. h4 Rxf3 27. Qg2 Bxh4 28. Bxd4 Rxf1+ 29. Rxf1 exd4 30. dxc6 bxc6 31. Ne2 Bg5 32. Nf4 Bxf4 33. Rxf4 d5 34. Qf2 Qe7 35. Qf1 dxe4 36. Bc4 d3 37. Bf7 Bxf7 38. Rxf7 Qc5+ 39. Kh1 e3 40. Qxd3 Qd5+ 41. Qxd5 cxd5 42. Rf1 e2 43. Re1 d4 44. Kg2 d3 45. Kf2 d2 46. Rxe2 Rf8+ 0-1


[Site "https://www.chess.com"]

[Event "Titled Tuesday Blitz September 13 Early 2022"]
[White "Ter-Sahakyan, Samvel"]
[Black "assezde36"]
[WhiteFideId "13302531"]
[WhiteElo "2604"]
[BlackElo "2765"]
[Result "1-0"]
[Round "05"]
[TimeControl "180+1"]
[Date "2022.09.13"]
[WhiteClock "0:00:11"]
[BlackClock "0:00:03"]

1. e4 d5 2. exd5 Qxd5 3. d4 Nf6 4. Nc3 Qa5 5. Nf3 Bf5 6. Bc4 Nbd7 7. O-O c6 8. Re1 e6 9. Ne2 Bd6 10. Ng3 Bg6 11. c3 O-O 12. Nh4 Rfe8 13. Nxg6 hxg6 14. Bd2 Rad8 15. Qc2 Qc7 16. a4 a5 17. Rad1 Bf4 18. Re2 Bxd2 19. Rexd2 Nb6 20. Bb3 Nbd5 21. Ne4 Qf4 22. Nc5 Ng4 23. g3 Qh6 24. h4 b6 25. Ne4 Qh5 26. Re1 Qf5 27. Ng5 Ngf6 28. Qd1 Qg4 29. Qxg4 Nxg4 30. Rde2 Ngf6 31. Kg2 Nh7 32. f4 Re7 33. Kf3 Rde8 34. Nxh7 Kxh7 35. Re5 Kg8 36. g4 f6 37. R5e2 Kf7 38. Bc2 Rh8 39. Rh1 b5 40. Bb3 Rb8 41. axb5 Rxb5 42. Bc4 Rb6 43. Ra1 Ra7 44. Rae1 Re7 45. f5 gxf5 46. gxf5 g6 47. Rxe6 Rxe6 48. Rxe6 Kg7 49. Bxd5 1-0


[Site "https://www.chess.com"]

[Event "Titled Tuesday Blitz September 13 Early 2022"]
[White "Terry, Renato"]
[Black "Bazeev, German"]
[WhiteFideId "3803457"]
[BlackFideId "24119350"]
[WhiteElo "2577"]
[BlackElo "2493"]
[Result "1-0"]
[Round "05"]
[TimeControl "180+1"]
[Date "2022.09.13"]
[WhiteClock "0:00:33"]
[BlackClock "0:00:14"]

1. Nf3 Nf6 2. e3 d5 3. b4 c6 4. Bb2 Bg4 5. c4 Nbd7 6. Qb3 e6 7. Be2 Be7 8. Nc3 a5 9. a3 O-O 10. cxd5 exd5 11. O-O Bd6 12. b5 Qe7 13. Rac1 Rfc8 14. h3 Be6 15. Nd4 c5 16. Nxe6 fxe6 17. d3 Ne5 18. Na4 Nfd7 19. f4 Ng6 20. Rce1 Kh8 21. Kh1 Qh4 22. Bg4 Re8 23. Rc1 Nf6 24. Bf3 Nxf4 25. exf4 Qxf4 26. Kg1 Qh2+ 27. Kf2 c4 28. dxc4 e5 29. Rh1 Qf4 30. Qe3 Qf5 31. g4 Qg6 32. Bxd5 Rf8 33. Kg2 Nxg4 34. hxg4 Qxg4+ 35. Qg3 Qe2+ 36. Kg1 Rf6 37. Rh2 1-0


[Site "https://www.chess.com"]

[Event "Titled Tuesday Blitz September 13 Early 2022"]
[White "Timmermans, Mark"]
[Black "Pranav, V"]
[WhiteFideId "1026399"]
[BlackFideId "25060783"]
[WhiteElo "2460"]
[BlackElo "2390"]
[Result "0-1"]
[Round "05"]
[TimeControl "180+1"]
[Date "2022.09.13"]
[WhiteClock "0:01:43"]
[BlackClock "0:01:43"]

1. Nf3 d5 2. c4 d4 3. e3 c5 4. b4 Nc6 5. b5 Nb8 6. exd4 cxd4 7. d3 f6 8. Be2 e5 9. O-O Bc5 10. Nfd2 Ne7 11. Nb3 Bd6 12. a4 O-O 13. c5 Bc7 14. a5 Qe8 15. b6 Bd8 16. Na3 Be6 17. f4 Nd5 18. fxe5 Nc3 19. Qc2 Nxe2+ 20. Qxe2 Bxb3 21. a6 Nxa6 22. Qb2 Bd5 23. Nb5 axb6 0-1


[Site "https://www.chess.com"]

[Event "Titled Tuesday Blitz September 13 Early 2022"]
[White "Vidit, Santosh Gujrathi"]
[Black "Mahdavi, Reza"]
[WhiteFideId "5029465"]
[BlackFideId "12595926"]
[WhiteElo "2654"]
[BlackElo "2240"]
[Result "1-0"]
[Round "05"]
[TimeControl "180+1"]
[Date "2022.09.13"]
[WhiteClock "0:02:42"]
[BlackClock "0:02:23"]

1. Nf3 Nf6 2. d4 g6 3. c4 Bg7 4. Nc3 O-O 5. Bg5 d6 6. e3 Nc6 7. Be2 h6 8. Bh4 g5 9. Bg3 Nh5 10. Nd2 Nxg3 11. hxg3 e5 12. d5 Ne7 13. g4 f5 14. gxf5 Bxf5 15. Bg4 Qd7 16. Bxf5 Rxf5 17. Nde4 Raf8 18. Qh5 Qe8 19. Qxe8 Rxe8 20. Ke2 b6 21. Nb5 Rc8 22. Nxa7 Ra8 23. Nb5 Rc8 24. g4 Rf7 25. a4 Ng6 26. a5 bxa5 27. Rxa5 Bf8 28. Ra7 Nh4 29. Rb7 Kg7 30. Ra1 1-0


[Site "https://www.chess.com"]

[Event "Titled Tuesday Blitz September 13 Early 2022"]
[White "Weetik, Vjacheslav"]
[Black "Amin, Bassem"]
[WhiteFideId "4153472"]
[BlackFideId "10601457"]
[WhiteElo "2469"]
[BlackElo "2699"]
[Result "0-1"]
[Round "05"]
[TimeControl "180+1"]
[Date "2022.09.13"]
[WhiteClock "0:00:55"]
[BlackClock "0:01:26"]

1. d4 e6 2. c4 f5 3. g3 Nf6 4. Bg2 Be7 5. Nf3 O-O 6. O-O d6 7. Nc3 Qe8 8. Nd2 e5 9. dxe5 dxe5 10. e4 f4 11. gxf4 exf4 12. e5 Ng4 13. Nf3 c6 14. Ne4 Qg6 15. Nd6 Be6 16. Qb3 Nd7 17. Qxb7 Ngxe5 18. Nxe5 Nxe5 19. Qxe7 Bh3 20. Qxg7+ Kxg7 21. Nf5+ Rxf5 0-1


[Site "https://www.chess.com"]

[Event "Titled Tuesday Blitz September 13 Early 2022"]
[White "Zierk, Steven"]
[Black "Starozhilov, Leonid"]
[WhiteFideId "2034255"]
[BlackFideId "14106752"]
[WhiteElo "2494"]
[BlackElo "2414"]
[Result "1-0"]
[Round "05"]
[TimeControl "180+1"]
[Date "2022.09.13"]
[WhiteClock "0:00:11"]
[BlackClock "0:00:03"]

1. e4 g6 2. d4 Bg7 3. Nc3 d6 4. Be3 a6 5. Qd2 b5 6. h4 h5 7. Nh3 Bxh3 8. Rxh3 Nd7 9. a4 c6 10. d5 b4 11. dxc6 bxc3 12. cxd7+ Qxd7 13. bxc3 Nf6 14. f3 Qc7 15. Kf2 O-O 16. Be2 Rfc8 17. Ra3 Nd7 18. Bd4 Bxd4+ 19. Qxd4 Ne5 20. Rh1 Nc6 21. Qe3 Ne5 22. Rb3 Qa5 23. Ra1 Rc7 24. Qd4 Rac8 25. Qb4 Qxb4 26. cxb4 Rxc2 27. Ke1 Nc4 28. b5 axb5 29. a5 Ra8 30. a6 Ne5 31. Rxb5 Rc7 32. Rab1 Rca7 33. Rb7 Kf8 34. Rxa7 Rxa7 35. Rb8+ Kg7 36. f4 Nc6 37. Rb6 Nd4 38. Bd3 Ne6 39. Rb7 Ra8 40. Rxe7 Nxf4 41. Bf1 Ne6 42. g3 Kf6 43. Rd7 Ke5 44. Rxf7 Nc5 45. Re7+ Kd4 46. Rg7 Nxa6 47. Rxg6 Nc5 48. Rxd6+ Ke3 49. Be2 Nxe4 50. Rd3# 1-0


[Site "https://www.chess.com"]

[Event "Titled Tuesday Blitz September 13 Early 2022"]
[White "Acor, Corey"]
[Black "Bagrationi, Alexander"]
[WhiteFideId "2024861"]
[BlackFideId "14104954"]
[WhiteElo "2340"]
[BlackElo "2398"]
[Result "0-1"]
[Round "06"]
[TimeControl "180+1"]
[Date "2022.09.13"]
[WhiteClock "0:00:02"]
[BlackClock "0:00:10"]

1. e4 c5 2. Nc3 Nc6 3. g3 g6 4. Bg2 Bg7 5. d3 e6 6. Be3 d6 7. Nf3 Nge7 8. d4 cxd4 9. Nxd4 O-O 10. O-O a6 11. h3 Qc7 12. Qd2 Rd8 13. Rad1 b5 14. f4 Bb7 15. f5 Bxd4 16. Bxd4 Nxd4 17. Qxd4 Qc5 18. fxe6 fxe6 19. Rf6 Nc6 20. Qf2 Qxf2+ 21. Kxf2 Rf8 22. Rxf8+ Rxf8+ 23. Ke3 Ne5 24. b3 Rd8 25. a4 b4 26. Ne2 Kf7 27. Nf4 Ke7 28. Bf1 a5 29. Bd3 Rf8 30. h4 Ng4+ 31. Ke2 e5 32. Nh3 h6 33. Rf1 Rxf1 34. Kxf1 Nf6 35. Nf2 g5 36. hxg5 hxg5 37. Ke2 Bc8 38. Kf3 Be6 39. Be2 g4+ 40. Ke3 Kf7 41. Nd3 Kg6 42. Nb2 Kg5 43. Bc4 Bd7 44. Bb5 Be6 45. Bc4 Bd7 46. Bf7 Bc6 47. Nc4 Nxe4 48. Nxa5 Ba8 49. Be8 Nxg3 50. Bc6 Nf5+ 51. Kf2 Bxc6 52. Nxc6 Kf4 53. a5 e4 54. a6 e3+ 55. Kg2 Nh4+ 56. Kf1 g3 57. Nd4 g2+ 58. Kg1 Ke4 59. a7 Kxd4 60. a8=Q e2 61. Qe8 e1=Q+ 62. Qxe1 Nf3+ 63. Kxg2 Nxe1+ 64. Kf1 Nxc2 0-1


[Site "https://www.chess.com"]

[Event "Titled Tuesday Blitz September 13 Early 2022"]
[White "Al-Tarboush, Ward"]
[Black "Molina, Roberto Junio Brito"]
[WhiteFideId "7601450"]
[BlackFideId "2109450"]
[WhiteElo "2234"]
[BlackElo "2403"]
[Result "1-0"]
[Round "06"]
[TimeControl "180+1"]
[Date "2022.09.13"]
[WhiteClock "0:00:20"]
[BlackClock "0:00:14"]

1. e4 c6 2. Nf3 d5 3. Nc3 dxe4 4. Nxe4 Bg4 5. h3 Bxf3 6. Qxf3 Nd7 7. d4 Ndf6 8. Be3 Nxe4 9. Qxe4 Nf6 10. Qh4 Qd5 11. Qg5 e6 12. Qxd5 Nxd5 13. Bd2 g6 14. Bd3 h5 15. c3 Bh6 16. Bxh6 Rxh6 17. O-O O-O-O 18. a4 Rhh8 19. Rfc1 Kb8 20. b4 Rd7 21. Rab1 Rc8 22. Rb3 Re7 23. Bf1 e5 24. Re1 Rce8 25. c4 Nc7 26. Rbe3 f6 27. h4 Kc8 28. dxe5 fxe5 29. Bd3 Re6 30. f4 exf4 31. Rxe6 Rxe6 32. Rxe6 Nxe6 33. Bxg6 c5 34. b5 Kd7 35. Bxh5 Ke7 36. a5 b6 37. axb6 axb6 38. Bf3 Nd4 39. Bd5 Kf6 40. Kf2 Kf5 41. g3 Kg4 42. gxf4 Kxf4 43. h5 Kg5 44. Bf7 Nf5 45. Kf3 Nd6 46. Bd5 Ne8 47. Ke4 Kf6 48. Bc6 Nd6+ 49. Kd5 Nf5 50. Ke4 Nd6+ 51. Kd3 Kg5 52. Bf3 Kf4 53. Bd1 Kg5 54. Bf3 Kf4 55. Be2 Nf5 56. Bf1 Kg5 57. Be2 Kf4 58. Kd2 Kg5 59. Kc3 Ng3 60. Bf3 Kf4 61. h6 Kxf3 62. h7 Ne4+ 63. Kb2 Nd2 64. h8=Q Nxc4+ 65. Kc3 Ne3 66. Qf6+ Ke4 67. Qe6+ Kf4 68. Kd3 Nf5 69. Qxb6 1-0


[Site "https://www.chess.com"]

[Event "Titled Tuesday Blitz September 13 Early 2022"]
[White "Bacrot, Etienne"]
[Black "Andreikin, Dmitry"]
[WhiteFideId "605506"]
[BlackFideId "4158814"]
[WhiteElo "2666"]
[BlackElo "2736"]
[Result "1-0"]
[Round "06"]
[TimeControl "180+1"]
[Date "2022.09.13"]
[WhiteClock "0:00:09"]
[BlackClock "0:00:13"]

1. e4 c5 2. Nf3 e6 3. d4 cxd4 4. Nxd4 Nc6 5. Nc3 a6 6. Bf4 d6 7. Nxc6 bxc6 8. Bd3 e5 9. Be3 Nf6 10. O-O Ng4 11. Bc1 Qh4 12. h3 Nf6 13. f4 Bxh3 14. gxh3 Qg3+ 15. Kh1 Qxh3+ 16. Kg1 d5 17. Na4 Qg3+ 18. Kh1 Qh3+ 19. Kg1 dxe4 20. Bc4 Qg3+ 21. Kh1 Qh3+ 22. Kg1 Rd8 23. Qe2 Rd4 24. b3 e3 25. Qg2 Qxg2+ 26. Kxg2 exf4 27. Bb2 Rd2+ 28. Kf3 Bd6 29. Bxf6 gxf6 30. Rad1 Rxd1 31. Rxd1 Be5 32. Rg1 h5 33. Nc5 h4 34. Nd3 h3 35. Nxf4 h2 36. Rh1 Rh4 37. Ne2 Rh3+ 38. Kg4 Rh6 39. Bxa6 Ke7 40. Bd3 Kd6 41. Be4 Kc5 42. c3 Rh8 43. Kf3 Rh3+ 44. Kg2 Rh4 45. Bf3 Rh8 46. Rd1 Rg8+ 47. Kh1 Rg5 48. a4 Rf5 49. Rf1 Bxc3 50. Nxc3 Kb4 51. Ne2 c5 52. Kxh2 Kxb3 53. a5 c4 54. Nd4+ Kb2 55. Nxf5 1-0


[Site "https://www.chess.com"]

[Event "Titled Tuesday Blitz September 13 Early 2022"]
[White "Beerdsen, Thomas"]
[Black "Bluebaum, Matthias"]
[WhiteFideId "1030108"]
[BlackFideId "24651516"]
[WhiteElo "2567"]
[BlackElo "2633"]
[Result "0-1"]
[Round "06"]
[TimeControl "180+1"]
[Date "2022.09.13"]
[WhiteClock "0:00:02"]
[BlackClock "0:00:10"]

1. e4 c6 2. d4 d5 3. f3 e6 4. Nc3 Qb6 5. a3 Nd7 6. Be3 Be7 7. Bd3 Ngf6 8. Nge2 dxe4 9. Nxe4 Qxb2 10. O-O Qb6 11. Kh1 O-O 12. c4 e5 13. Rb1 Qc7 14. Qe1 exd4 15. Bxd4 Nxe4 16. Bxe4 Bf6 17. Bc2 Re8 18. Qf2 Bxd4 19. Nxd4 Nf6 20. Qh4 Bd7 21. c5 Rad8 22. Rbd1 b6 23. Nb3 Be6 24. Rxd8 Rxd8 25. Nd4 Bc8 26. Ba4 Bd7 27. cxb6 axb6 28. Bc2 c5 29. Ne2 Bb5 30. Re1 Bxe2 31. Rxe2 h6 32. h3 b5 33. Qe1 Qd6 34. Qc3 Nh5 35. Kg1 Nf4 36. Re1 g6 37. Kh1 Qd4 38. Qa5 Qd2 39. Qxd2 Rxd2 40. Be4 c4 41. Rb1 c3 42. g3 Ne2 43. Rxb5 Nxg3+ 0-1


[Site "https://www.chess.com"]

[Event "Titled Tuesday Blitz September 13 Early 2022"]
[White "Belov, Vladimir"]
[Black "Lopez, Henry"]
[WhiteFideId "4132394"]
[BlackFideId "5203830"]
[WhiteElo "2501"]
[BlackElo "2177"]
[Result "1-0"]
[Round "06"]
[TimeControl "180+1"]
[Date "2022.09.13"]
[WhiteClock "0:00:09"]
[BlackClock "0:00:09"]

1. e4 c5 2. Nf3 d6 3. c3 Nf6 4. Be2 g6 5. O-O Bg7 6. Bb5+ Nfd7 7. d4 a6 8. Bd3 O-O 9. d5 b5 10. a4 b4 11. a5 Nf6 12. h3 bxc3 13. Nxc3 e5 14. Nd2 Nh5 15. Nc4 Nf4 16. Re1 Nxd3 17. Qxd3 f5 18. Bd2 Ra7 19. Nb6 Raf7 20. f3 Nd7 21. Nxc8 Qxc8 22. Rac1 Qb7 23. b3 h5 24. Bg5 f4 25. Na4 Bf6 26. Bxf6 Rxf6 27. Nb2 Rb8 28. Nc4 Qxb3 29. Qxb3 Rxb3 30. Rb1 Rb5 31. h4 Kg7 32. Kf2 Kf7 33. Rxb5 axb5 34. Na3 b4 35. Nc4 Ke7 36. a6 Rf8 37. a7 Ra8 38. Ra1 Kd8 39. Nxd6 Kc7 40. Ra6 Nb6 41. Nb5+ Kb7 42. Ra1 c4 43. Ke2 c3 44. Kd3 Rc8 45. Nd6+ 1-0


[Site "https://www.chess.com"]

[Event "Titled Tuesday Blitz September 13 Early 2022"]
[White "Bortnyk, Olexandr"]
[Black "Csonka, Balazs"]
[WhiteFideId "14120828"]
[BlackFideId "742910"]
[WhiteElo "2723"]
[BlackElo "2404"]
[Result "1-0"]
[Round "06"]
[TimeControl "180+1"]
[Date "2022.09.13"]
[WhiteClock "0:00:05"]
[BlackClock "0:00:01"]

1. d4 d5 2. Nc3 e6 3. e4 Nf6 4. Bg5 dxe4 5. Nxe4 Be7 6. Bxf6 gxf6 7. Nf3 f5 8. Nc3 a6 9. g3 b5 10. Bg2 Bb7 11. O-O O-O 12. Qd2 Bf6 13. Qh6 Bg7 14. Qh5 Nd7 15. Rad1 Nf6 16. Qh3 Ne4 17. Ne2 Qe7 18. Nf4 Rad8 19. c3 b4 20. c4 c5 21. d5 Bxb2 22. Rfe1 Bc3 23. Re3 Bg7 24. Rde1 Rfe8 25. Rxe4 fxe4 26. Nh4 exd5 27. Nf5 Qg5 28. Nh5 Bc3 29. Rf1 Bc8 30. g4 Bxf5 31. gxf5 dxc4 32. Kh1 Kh8 33. Ng3 e3 34. fxe3 Rxe3 35. f6 Rg8 36. Be4 Rxe4 37. Nxe4 Qd5 38. Qf3 Bd4 39. h4 c3 40. Kh2 c2 41. Ng5 Be5+ 42. Kg2 Rxg5+ 43. hxg5 Qxf3+ 44. Kxf3 Bb2 45. Re1 h6 46. g6 fxg6 47. Re8+ Kh7 48. f7 c1=Q 49. f8=Q Qf1+ 50. Ke4 Qxf8 51. Rxf8 Bd4 52. Ra8 h5 53. Rxa6 Kh6 54. Kf4 Bc3 55. Rc6 Bd4 56. Rc8 Bg1 57. Rh8+ Kg7 58. Re8 Bd4 59. Kg5 Bf6+ 60. Kf4 Bd4 61. Rc8 Kf6 62. Rc6+ Kf7 63. Rc7+ Ke6 64. Rc6+ Kd5 65. Rxg6 c4 66. Rg5+ Kc6 67. Ke4 Bh8 68. Rxh5 Bg7 69. Rh7 Ba1 70. Rh1 Bb2 71. Rh6+ Kb5 72. Rh2 c3 73. Kd3 Ka4 74. Kc2 Ka3 75. Rh5 Ka4 76. Rh7 Ba3 77. Ra7+ Kb5 78. Kb3 Kc5 79. Rh7 Kb5 80. Rh5+ Kc6 81. Rh2 Kb5 82. Rg2 Kc6 83. Kc4 Kb6 84. Rg6+ Kc7 85. Kd5 Kb7 86. Rc6 Ka7 87. Rc4 Kb6 88. Rc5 Kb7 89. Rc6 Ka7 90. Ke6 Kb7 91. Kd7 Ka7 92. Kc7 Bc1 93. Rc4 Be3 94. Kd6 Kb6 95. Rxb4+ Ka5 96. Rc4 Bd2 97. Kc5 Ka6 98. Kd4 Ka5 99. Kd3 Kb5 100. Rc8 Ka5 101. Kc2 Ka4 102. Rc4+ Kb5 103. Kb3 Ka5 104. a4 Kb6 105. Rb4+ Ka6 106. Rg4 Kb6 107. Rg6+ Ka5 108. Re6 c2 109. Kxc2 Bb4 110. Kb3 Bd2 111. Re5+ Ka6 112. Kc4 Ka7 113. Kb5 Bf4 114. Re7+ Kb8 115. Kc6 Bg3 116. Rf7 Bh2 117. Rf5 Bg1 118. Rg5 Be3 119. Rb5+ Ka7 120. Re5 Bg1 121. Ra5+ Kb8 122. Ra6 Bf2 123. Kb5 Bg1 124. Rg6 Bf2 125. Ka6 Be3 126. Rg8+ Kc7 127. Rg3 Bf2 128. Rb3 Bg1 129. Rc3+ Kb8 130. Rc2 Be3 131. Re2 Bd4 132. Re4 Bg1 133. Rg4 Bf2 134. Rg8+ Kc7 135. Rf8 Bg1 136. Kb5 Be3 137. Rf7+ Kb8 138. Re7 Bg1 139. a5 Bf2 140. Ka6 Bg1 141. Re8+ Kc7 142. Re6 Bf2 143. Rb6 Bg1 144. Ka7 Bf2 145. Ka6 Bg1 146. Rb7+ Kc8 147. Rb2 Be3 148. Rc2+ Kb8 149. Re2 Bg1 150. Kb5 Bd4 151. Re8+ Kc7 152. Kc4 Bg1 153. Rg8 Bf2 154. Rg7+ Kb8 155. Kd5 Be3 156. Kc6 Bf2 157. a6 Be3 158. Re7 Bf2 159. Re8+ Ka7 160. Rf8 Bg1 161. Rf7+ Kb8 162. a7+ Ka8 163. Rg7 Bxa7 164. Rh7 Bb8 165. Kb6 Bd6 166. Ra7+ Kb8 167. Rd7 1-0


[Site "https://www.chess.com"]

[Event "Titled Tuesday Blitz September 13 Early 2022"]
[White "Cardoso Cardoso, Jose Gabriel"]
[Black "Tari, Aryan"]
[WhiteFideId "4430492"]
[BlackFideId "1510045"]
[WhiteElo "2485"]
[BlackElo "2612"]
[Result "0-1"]
[Round "06"]
[TimeControl "180+1"]
[Date "2022.09.13"]
[WhiteClock "0:00:04"]
[BlackClock "0:00:52"]

1. Nf3 d5 2. e3 Nf6 3. c4 e6 4. b3 c5 5. Bb2 Nc6 6. cxd5 exd5 7. Bb5 Be7 8. O-O O-O 9. d4 Ne4 10. dxc5 Bxc5 11. Nc3 Qa5 12. Bxc6 bxc6 13. Rc1 Ba6 14. Re1 Bb4 15. Nxe4 dxe4 16. Qd4 f6 17. Qxe4 Bxe1 18. Rxe1 Qxa2 19. Bd4 Qxb3 20. Qxc6 Bb7 21. Qd7 Bxf3 22. gxf3 a5 23. Kh1 a4 24. Rg1 Qf7 25. Qf5 a3 26. h4 a2 27. h5 h6 28. Kh2 Kh8 29. Ba1 Rfd8 30. f4 Rd5 31. Qe4 Rxh5+ 32. Kg3 Re8 33. Qf3 Rb5 34. Kg2 Rb1 35. Qc6 Rxg1+ 36. Kxg1 Qg6+ 37. Kh2 Rg8 38. Qe6 Qb1 39. Bxf6 gxf6 40. Qxf6+ Kh7 41. Qe7+ Rg7 0-1


[Site "https://www.chess.com"]

[Event "Titled Tuesday Blitz September 13 Early 2022"]
[White "Dubov, Daniil"]
[Black "Lenderman, Aleksandr"]
[WhiteFideId "24126055"]
[BlackFideId "2021285"]
[WhiteElo "2791"]
[BlackElo "2607"]
[Result "1-0"]
[Round "06"]
[TimeControl "180+1"]
[Date "2022.09.13"]
[WhiteClock "0:00:10"]
[BlackClock "0:00:14"]

1. e4 c6 2. d4 d5 3. e5 c5 4. dxc5 Nc6 5. a3 Nxe5 6. b4 Nf6 7. Bb2 Ng6 8. Nf3 e6 9. Bd3 Nf4 10. O-O Nxd3 11. Qxd3 Be7 12. Nbd2 O-O 13. Rfe1 a5 14. Nd4 Bd7 15. N2b3 axb4 16. axb4 Rxa1 17. Rxa1 Qc7 18. Qg3 Qxg3 19. hxg3 Rb8 20. Ra7 Bd8 21. b5 e5 22. Nf3 Bxb5 23. Bxe5 Rc8 24. Rxb7 Bc6 25. Ra7 Ra8 26. Rxa8 Bxa8 27. Nfd4 Ne8 28. Kf1 f6 29. Bb8 Kf7 30. Ke2 Nc7 31. Ba7 Ke8 32. c6 Na6 33. Nc5 Nb4 34. Nce6 Nxc6 35. Nxc6 Bxc6 36. Nxg7+ Kf7 37. Nf5 Ba4 38. c3 Ba5 39. Bd4 Bd7 40. g4 h5 41. Nd6+ Kg6 42. gxh5+ Kxh5 43. Bxf6 Bc7 44. Be5 Kg6 45. f3 Ba4 46. g4 Bc2 47. Kf2 Bd1 48. Kg3 Be2 49. Nc4 dxc4 50. Bxc7 Kf6 51. f4 Ke6 52. f5+ Kf7 53. Kf4 Bd3 54. Be5 Kg8 55. Bd4 Kh7 56. g5 Bc2 57. Ke5 Kg7 58. Ke6+ Kf8 59. Kf6 Bd3 60. g6 Be4 61. Kg5 Kg8 62. Bc5 Bd3 63. f6 Bxg6 64. Kxg6 Kh8 65. Bd6 Kg8 66. f7+ Kh8 67. Be5# 1-0


[Site "https://www.chess.com"]

[Event "Titled Tuesday Blitz September 13 Early 2022"]
[White "Filgueira, Hernan"]
[Black "Donchenko, Alexander"]
[WhiteFideId "101770"]
[BlackFideId "24603295"]
[WhiteElo "2363"]
[BlackElo "2572"]
[Result "0-1"]
[Round "06"]
[TimeControl "180+1"]
[Date "2022.09.13"]
[WhiteClock "0:00:03"]
[BlackClock "0:00:56"]

1. e4 c6 2. d4 d5 3. exd5 cxd5 4. c4 Nf6 5. Nc3 Nc6 6. Nf3 a6 7. h3 g6 8. c5 Bg7 9. Be2 O-O 10. O-O b6 11. cxb6 Qxb6 12. Na4 Qa7 13. Be3 Bf5 14. a3 Rfc8 15. b4 Ne4 16. Rc1 Rab8 17. Ne5 Qa8 18. Nxc6 Rxc6 19. Nc5 Nd6 20. Qb3 Rcb6 21. Qa4 Nb5 22. Bf3 Nxd4 23. Bxd4 Bxd4 24. Nb3 Bf6 25. Na5 Rc8 26. g4 Be4 27. Bxe4 dxe4 28. Qd7 Rf8 29. Rc6 Rxc6 30. Nxc6 e6 31. Re1 Qc8 32. Qd6 Qb7 33. Rxe4 Rd8 0-1


[Site "https://www.chess.com"]

[Event "Titled Tuesday Blitz September 13 Early 2022"]
[White "Gabdrakhmanov, Azat"]
[Black "Shirov, Alexei"]
[WhiteFideId "34189197"]
[BlackFideId "2209390"]
[WhiteElo "2233"]
[BlackElo "2678"]
[Result "1-0"]
[Round "06"]
[TimeControl "180+1"]
[Date "2022.09.13"]
[WhiteClock "0:00:02"]
[BlackClock "0:00:04"]

1. e4 e5 2. Nf3 Nc6 3. Bb5 f5 4. d3 fxe4 5. dxe4 Nf6 6. O-O Bc5 7. Qd3 d6 8. Nc3 O-O 9. Bg5 h6 10. Bh4 g5 11. Nxg5 hxg5 12. Bxg5 Qd7 13. Nd5 Nxd5 14. exd5 Qg7 15. dxc6 Qxg5 16. Qd5+ Kh8 17. cxb7 Bxb7 18. Qxb7 Rab8 19. Qc6 e4 20. Bc4 Rbe8 21. Rae1 Qh4 22. g3 Qf6 23. Re2 e3 24. f4 Qxb2 25. Qf3 Qf6 26. Qh5+ Kg7 27. Qg4+ Qg6 28. Qxg6+ Kxg6 29. Kg2 c6 30. Bd3+ Kf6 31. Kf3 d5 32. h4 Ke7 33. g4 Kd6 34. h5 Bd4 35. h6 c5 36. Bf5 Re7 37. c3 Bxc3 38. Rxe3 Rxe3+ 39. Kxe3 c4 40. h7 d4+ 41. Kf3 d3 42. Rh1 Kc5 43. Bg6 Bh8 44. Re1 d2 45. Rb1 c3 46. Bc2 Re8 47. Rb7 Bd4 48. Rc7+ Kd6 49. Rc4 Kd5 50. Rc7 Re3+ 51. Kg2 Re2+ 52. Kf3 Re3+ 53. Kg2 Re2+ 54. Kf3 Rh2 55. Rd7+ Kc5 56. Rc7+ Kd6 57. Rc8 Rh1 58. Ke4 Bg7 59. Rd8+ Ke7 60. Rd5 Rc1 61. Bb3 c2 62. Rg5 Re1+ 63. Kf5 c1=Q 64. Rxg7+ Kd6 65. h8=Q Qb1+ 66. Kg5 Qxb3 67. Qd8+ 1-0


[Site "https://www.chess.com"]

[Event "Titled Tuesday Blitz September 13 Early 2022"]
[White "Gokerkan, Cem Kaan"]
[Black "Terry, Renato"]
[WhiteFideId "6336760"]
[BlackFideId "3803457"]
[WhiteElo "2364"]
[BlackElo "2577"]
[Result "1-0"]
[Round "06"]
[TimeControl "180+1"]
[Date "2022.09.13"]
[WhiteClock "0:01:10"]
[BlackClock "0:01:53"]

1. e4 e6 2. d4 d5 3. Nd2 Be7 4. Ngf3 Nf6 5. Bd3 c5 6. exd5 Qxd5 7. dxc5 Qxc5 8. O-O Nbd7 9. Qe2 Qc7 10. Ne4 b6 11. Nxf6+ Bxf6 12. Qe4 Bb7 13. Qg4 h5 14. Qg3 Qxg3 15. hxg3 Nc5 16. Bb5+ Ke7 17. Rb1 Be4 18. Be3 Bxc2 19. Rbc1 Be4 20. b4 Nd3 21. Rc7+ Kd6 22. Rd7# 1-0


[Site "https://www.chess.com"]

[Event "Titled Tuesday Blitz September 13 Early 2022"]
[White "Grandelius, Nils"]
[Black "Goltsev, Dmitry"]
[WhiteFideId "1710400"]
[BlackFideId "24176710"]
[WhiteElo "2617"]
[BlackElo "2257"]
[Result "1-0"]
[Round "06"]
[TimeControl "180+1"]
[Date "2022.09.13"]
[WhiteClock "0:01:13"]
[BlackClock "0:01:17"]

1. d4 Nf6 2. c4 e6 3. Nc3 Bb4 4. Qc2 Qe7 5. e3 b6 6. Ne2 Bb7 7. a3 Bxc3+ 8. Nxc3 d6 9. Be2 Nbd7 10. O-O e5 11. d5 a5 12. e4 Nc5 13. Be3 O-O 14. b4 axb4 15. axb4 Na6 16. Qb2 g6 17. Ra3 Nb8 18. Rxa8 Bxa8 19. c5 bxc5 20. bxc5 dxc5 21. Ra1 Nbd7 22. Ra7 Qd6 23. Qa3 Nxe4 24. Nxe4 Qxd5 25. Bf3 Kg7 26. Nd2 e4 27. Bxe4 Qh5 28. Rxa8 Qd1+ 29. Nf1 Rxa8 30. Qxa8 Ne5 31. Qd5 Qxd5 32. Bxd5 h5 33. Bxc5 f6 34. Bd4 Nd3 35. Bc4 Nf4 36. Ne3 c6 37. g3 Nh3+ 38. Kg2 Ng5 39. Nc2 Ne4 40. Bd3 Nd2 41. Nb4 g5 42. Nxc6 Kf7 43. Na5 g4 44. Nc4 Nf3 45. Bc3 h4 46. Ne3 h3+ 47. Kh1 f5 48. Bxf5 1-0


[Site "https://www.chess.com"]

[Event "Titled Tuesday Blitz September 13 Early 2022"]
[White "Harsha Bharathakoti"]
[Black "Samunenkov, Ihor"]
[WhiteFideId "5078776"]
[BlackFideId "14187086"]
[WhiteElo "2523"]
[BlackElo "2441"]
[Result "1-0"]
[Round "06"]
[TimeControl "180+1"]
[Date "2022.09.13"]
[WhiteClock "0:00:09"]
[BlackClock "0:00:01"]

1. Nf3 c5 2. c4 Nc6 3. d4 cxd4 4. Nxd4 Nf6 5. Nc3 e6 6. g3 Qb6 7. Nb3 d5 8. cxd5 exd5 9. Be3 Qd8 10. Bg2 Bb4 11. O-O Bxc3 12. bxc3 O-O 13. Bg5 h6 14. Bxf6 Qxf6 15. Qxd5 Qxc3 16. Rfc1 Qf6 17. Nc5 Rd8 18. Qc4 Rb8 19. Rab1 Nd4 20. Ne4 Qe7 21. e3 Be6 22. Qf1 Nc6 23. Rb2 Bd5 24. Nc5 Bxg2 25. Qxg2 Rd6 26. Qe4 b6 27. Qxe7 Nxe7 28. Ne4 Rd7 29. Rbc2 Rbd8 30. Kg2 Nd5 31. g4 g6 32. a3 Kg7 33. Rc6 Re7 34. Kf3 Re5 35. R1c4 Rde8 36. h4 b5 37. Rd4 a5 38. Nd6 R8e6 39. Rd2 b4 40. axb4 Nxb4 41. Rc7 Rf6+ 42. Kg3 Nd5 43. Rxd5 Rxd5 44. Ne8+ Kf8 45. Nxf6 Rd6 46. Ne4 Rb6 47. Ra7 Rb4 48. Nd6 Rb6 49. Nxf7 a4 50. Ne5 1-0


[Site "https://www.chess.com"]